AoeStats
← Alfons

Arabian Desert

510067785Analyzed
1v1 RM · 2d ago on Sep 29, 2026· 35m 45s· 2 players
Game mode
Random Map
Map size
Tiny (2 player)
Population
200
Speed
Normal
Resources
Standard
Victory
Conquest
Starting age
Dark Age
Ending age
Imperial Age
RankedLock teamsTeams togetherTeam positionsShared explorationLock speedFull tech treeHidden civsTurbo modeCheats
Victory
Defeat
🇳🇴 Spanish · Norway
1073
+15
🇫🇷 Jurchens · France
1041
-15
Alfons
6:42 Loom
9:09 Feudal Age
9:51 Double-Bit Axe
13:49 Bloodlines
17:22 Horse Collar
21:07 Castle Age
20:41 Gold Mining
20:42 Stone Mining
22:08 Bow Saw
24:14 Town Watch
28:11 Wheelbarrow
28:15 Padded Archer Armor
32:01 Leather Archer Armor
32:48 Husbandry
33:17 Hand Cart
Zboob le dur
11:33 Feudal Age
12:18 Loom
12:30 Double-Bit Axe
19:35 Bloodlines
21:36 Castle Age
19:49 Gold Mining
20:06 Horse Collar
20:58 Stone Mining
21:28 Bloodlines
22:26 Wheelbarrow
21:46 Light Cavalry
23:02 Forging
25:56 Hand Cart
27:43 Scale Barding Armor
29:36 Iron Casting
30:48 Husbandry
31:44 Stone Shaft Mining
30:59 Town Watch
31:33 Elite Skirmisher
35:10 Fletching
35:20 Padded Archer Armor
36:00 Bodkin Arrow
Connection lost

Rejoining the realm…

Still unreachable

The connection could not be restored.

Session expired

The server has moved on; the page needs a fresh start.